 Dungeon Crawl Stone Soup version 0.31-a0-702-gf82c85558f (webtiles) character file.

Game seed: 8304192880167996631

59 qw the Shooter (level 4, -3/28 HPs)
             Began as a Gargoyle Hunter on Sept 7, 2023.
             Slain by Sigmund
             ... wielding a +0 scythe
              (4 damage)
             ... on level 2 of the Dungeon.
             The game lasted 00:00:39 (1069 turns).

qw the Shooter (Gargoyle Hunter)                    Turns: 1069, Time: 00:00:39

Health: -3/28      AC:  6    Str: 15    XL:     4   Next: 3%
Magic:  4/4        EV: 11    Int:  9    God:
Gold:   123        SH:  0    Dex: 15    Spells: 3/3 levels left

rFire   . . .        Y - +0 shortbow
rCold   . . .        (shield currently unavailable)
rNeg    + . .        c - +0 leather armour
rPois   inf          (no helmet)
rElec   +            (no cloak)
rCorr   .            (no gloves)
SInv    .            (no boots)
Will    .....        (no amulet)
Stlth   ++           (no ring)
HPRegen 0.24/turn    (no ring)
MPRegen 0.09/turn

%: no passive effects
@: no status effects
A: sickness immunity, AC +3, negative energy resistance 1, electricity
resistance, torment resistance 1, petrification resistance
a: no special abilities


You were on level 2 of the Dungeon.
You visited 1 branch of the dungeon, and saw 2 of its levels.

You collected 123 gold pieces.


Innate Abilities, Weirdness & Mutations

You are immune to sickness and miasma.
Your stone body is resilient. (AC +3)
You are immune to poison.
You resist negative energy. (rN+)
You are resistant to electric shocks. (rElec)
You are resistant to unholy torment.
You are immune to petrification.


   Skills:
 - Level 3.0 Fighting
 + Level 5.1 Ranged Weapons
 - Level 1.5 Dodging
 - Level 1.1 Stealth


You had 3 spell levels left.
You didn't know any spells.
Your spell library was empty.

Inventory:

Hand Weapons
 Y - a +0 shortbow (weapon)
Armour
 b - a +0 pair of gloves
 c - a +0 leather armour (worn)
Scrolls
 d - 4 scrolls of identify
 e - a scroll of immolation {unknown}
 g - a scroll of teleportation {unknown}
Potions
 a - a potion of enlightenment
 f - 2 potions of curing {unknown}
 h - a potion of mutation {unknown}

Dungeon Overview and Level Annotations

Branches:
Dungeon (2/15)

Altars:

Annotations:
D:2 Sigmund


Message History

The adder bites you but does no damage.
You shoot an arrow.
The arrow hits the adder but does no damage.
The adder is severely wounded.
The adder bites you. The adder closely misses you.
You shoot an arrow. The arrow hits the adder!
You kill the adder!
You have reached level 4!
You feel stronger.
You shoot an arrow. You shoot an arrow. You shoot an arrow. You shoot an arrow.
Something hits you but does no damage.
You shoot an arrow. Something hits you.
You shoot an arrow.
Sigmund appears from thin air!
Reactivating autopickup.
Sigmund casts a spell at you. You resist with some effort.
You shoot an arrow. The arrow hits Sigmund!
Sigmund is heavily wounded.
Sigmund hits you with a +0 scythe!
You shoot an arrow. The arrow closely misses Sigmund.
You shoot an arrow. The arrow hits Sigmund.
Sigmund is severely wounded.
Sigmund closely misses you.
You shoot an arrow.
The arrow hits Sigmund but does no damage.
Sigmund is severely wounded.
Sigmund casts a spell at you. You resist with some effort.
You shoot an arrow. The arrow hits Sigmund.
Sigmund is severely wounded.
Sigmund gestures at you while chanting. The magic dart hits you!
You shoot an arrow. The arrow barely misses Sigmund.
Sigmund hits you with a +0 scythe.
You die...
Sigmund begins carving another notch in his scythe.

##%# #..######....##...... ##.#
######...............#.... #..#
###......########......#....
######...####...............###.#
##.....### ###......#....... ..#
#.....#########..###.#......## ##
#####.......#....##......>..#
###########.#.##.....<..
#.............#.@##....
..#########...#@###.... ### ###
###.......... .... # ###.#......
##.. # ##........# ### #
#..#......# .. # #.........#.##..
... #.........#..# . ....
#...S.....# ..# ...


You could see Sigmund.

Vanquished Creatures
  2 adders (D:2)
  3 endoplasms
  A giant cockroach (D:1)
  5 goblins
  5 hobgoblins
  4 kobolds
  A quokka (D:1)
  3 ball pythons
  9 bats
  5 frilled lizards
  2 rats
40 creatures vanquished.

Notes
Turn   | Place    | Note
-------+----------+-------------------------------------------
     0 | D:1      | qw the Gargoyle Hunter began the quest for the Orb.
     0 | D:1      | Reached XP level 1. HP: 12/12 MP: 1/1
     0 | D:1      | 0 ||| qw: Version: 0.3-a-76-g4403597
     0 | D:1      | 0 ||| qw: Game counter: 741
     0 | D:1      | 0 ||| qw: Melee chars always use a shield: true
     0 | D:1      | 0 ||| qw: God list: Okawaru
     0 | D:1      | 0 ||| qw: Allow faded altars: false
     0 | D:1      | 0 ||| qw: Do Orc after clearing Dungeon:15 true
     0 | D:1      | 0 ||| qw: Do second Lair branch before Depths: true
     0 | D:1      | 0 ||| qw: Lair rune preference: random
     0 | D:1      | 0 ||| qw: Goals: Normal
     0 | D:1      | 0 ||| PLANNING D:1-11
   127 | D:1      | 127 ||| READING scroll labelled OSYXTIMPEQ.
   128 | D:1      | 128 ||| DROPPING scroll of butterflies.
   166 | D:1      | Reached XP level 2. HP: 14/17 MP: 2/2
   203 | D:1      | 203 ||| Stepping ~*~*~tactically~*~*~ (water).
   579 | D:1      | Reached XP level 3. HP: 21/21 MP: 3/3
   699 | D:1      | 699 ||| READING scroll labelled LETEST UWAE.
   700 | D:1      | 700 ||| READING scroll labelled GEADWU VAUGHIOSEESM.
   701 | D:1      | 701 ||| DRINKING 2 red potions.
   749 | D:2      | Reached skill level 5 in Ranged Weapons
   798 | D:2      | 798 ||| Stepping ~*~*~tactically~*~*~ (outnumbered).
   944 | D:2      | Reached skill level 3 in Fighting
  1038 | D:2      | Noticed Sigmund
  1039 | D:2      | 1039 ||| RETREATING.
  1058 | D:2      | Reached XP level 4. HP: 21/28 MP: 4/4
  1068 | D:2      | HP: 1/28 [Sigmund/magic dart (10)]
  1069 | D:2      | Slain by Sigmund

Levels and vault maps discovered:
D:1:      saegor_arrival_miasma, layout_basic, serial_bayou,
          serial_bayou_lagoon_a, serial_bayou_pond_a, serial_bayou_pond_c,
          serial_bayou_lake_a, hangedman_abyss_or_decor_stabs,
          chequers_serial_rivers_small_3
D:2:      layout_rooms, minmay_misc_feat_more_columns, minmay_circled_x,
          uniq_sigmund

Skill      XL: |  1  2  3 |
---------------+----------+-----
Ranged Weapons | 5 |  5.1
Fighting       | 3 |  3.0
Dodging        | |  1.5
Stealth        | |  1.1

Action                     |  1- 3 |  4- 6 || total
---------------------------+-------+-------++-------
   Fire: Shortbow          |   156 |    12 ||   168
    Use: Scroll            |     3 |       ||     3
         Potion            |     1 |       ||     1
 Armour: Leather armour    |    86 |     5 ||    91
  Dodge: Dodged            |    74 |     1 ||    75

Table legend:
 A = Non-vault XP
 B = Vault XP
 C = Vault XP percentage of total XP
 D = Non-vault monster count
 E = Vault monster count
 F = Vault count percentage of total count
                 A         B        C        D         E       F
            +---------+---------+-------+---------+---------+-------
      Total |      80 |       5 |   5.9 |      36 |       4 |  10.0
            +---------+---------+-------+---------+---------+-------
        D:1 |      35 |       0 |   0.0 |      22 |       0 |   0.0
        D:2 |      45 |       5 |  10.0 |      14 |       4 |  22.2
            +---------+---------+-------+---------+---------+-------
